Map: Acid Plant LE

Players

Dolan

  • Race: Terran Terran
  • Spawn Location: 5:00

HeroMarine - Winner!

  • Race: Terran Terran
  • Spawn Location: 11:00

Event: WCS Montreal 2018

VOD

Have the link to the VOD?

Description

Time

  • Played on: Sept. 7, 2018, 12:58 p.m.
  • Length: 11:44

All games in this series

Show
View Real Time Build Order
Export as new Build Order

Dolan Terran 

Build Orders: Gas First Reaper Expand, Reaper Expand 

Get SALT Encoding   

  12  0:00  SCV  
  13  0:13  SCV  
  14  0:17  Supply Depot  
  14  0:25  SCV  
  14  0:27  Refinery  
  15  0:38  SCV  
  16  0:44  Barracks  
  16  0:50  SCV  
  17  1:02  SCV  
  18  1:15  SCV  
  19  1:31  Orbital Command  
  19  1:32  Reaper  
  20  1:45  Command Center  
  20  1:57  SCV  
  20  2:00  Factory  
  21  2:05  Barracks Reactor  
  21  2:09  SCV  
  21  2:13  Supply Depot  
  22  2:18  Refinery  
  22  2:21  SCV  
  23  2:35  SCV  
  24  2:40  Marine  
  24  2:41  Marine  
  24  2:43  Hellion  
  28  2:46  Starport  
  28  2:49  SCV  
  29  2:56  Orbital Command  
  29  3:01  SCV  
  29  3:04  Marine x2  
  32  3:10  Factory Tech Lab  
  32  3:13  SCV  
  33  3:22  SCV  
  33  3:25  SCV  
  35  3:37  Supply Depot, Cyclone x2  
  35  3:41  Viking  
  43  3:47  SCV x2  
  45  3:50  Refinery  
  45  3:59  SCV x2  
  45  4:01  Supply Depot  
  47  4:09  Hellion x2  
  51  4:11  SCV x2  
  53  4:22  Raven  
  53  4:23  Supply Depot, SCV x2  
  55  4:35  Hellion x2  
  55  4:36  SCV x2  
  55  4:38  Supply Depot, Factory  
  61  4:45  Barracks Reactor  
  61  4:47  Supply Depot  
  61  4:48  SCV x2  
  63  4:58  Hellion x2  
  67  5:00  SCV x2  
  69  5:08  Medivac  
  69  5:13  Supply Depot, SCV x2  
  73  5:18  Supply Depot  
  73  5:19  Hellion x2  
  77  5:21  Supply Depot  
  77  5:25  SCV x2  
  79  5:29  Cyclone x2  
  79  5:34  Supply Depot  
  85  5:39  Medivac  
  87  5:44  Hellion x2  
  87  5:45  Supply Depot  
  87  5:48  SCV x2  
  93  5:55  Armory  
  93  6:05  Hellion x2  
  93  6:08  Hellion x2  
  101  6:23  Cloaking Field  
  101  6:26  SCV x2  
  101  6:27  Hellion x2  
  107  6:49  Hellion x4  
  115  7:10  Hellion x4  
  115  7:11  Banshee  
  77  7:31  Hellion  
  77  7:33  SCV x2  
  57  7:45  SCV x2  
  57  7:51  Command Center  
  59  7:54  Banshee  
  60  8:03  Hellion x4  
  68  8:09  SCV  
  68  8:10  SCV  
  70  8:21  Terran Vehicle Weapons Level 1  
  70  8:22  SCV x2, Factory  
  70  8:24  Refinery  
  72  8:36  SCV x2  
  74  8:42  Supply Depot  
  74  8:52  Hellion x2  
  74  8:53  Hellion  
  80  9:00  Infernal Pre-Igniter  
  80  9:01  Viking x2  
  84  9:03  Orbital Command  
  84  9:04  SCV  
  84  9:07  Factory Tech Lab  
  85  9:11  SCV  
  85  9:14  Hellion  
  85  9:16  SCV  
  86  9:24  SCV  
  86  9:28  SCV  
  85  9:36  SCV  
  86  9:39  Siege Tank x2, Orbital Command  
  86  9:40  Hellion x2  
  86  9:43  Medivac x2  
  102  9:52  SCV x2  
  102  10:04  SCV  
  102  10:05  SCV  
  104  10:11  Siege Tank x2  
  104  10:12  SCV  
  104  10:13  Refinery  
  111  10:16  Refinery  
  111  10:17  SCV  
  112  10:23  SCV  
  112  10:24  SCV, Medivac x2  
  118  10:29  Hellion  
  118  10:30  Hellion  
  118  10:33  SCV  
  118  10:35  SCV  
  124  10:36  SCV  
  105  10:50  Orbital Command, SCV x2  
  105  10:53  Siege Tank x2  
  105  10:54  Hellion x2  
  93  11:08  Viking x2  
  93  11:09  SCV x2  
  99  11:22  Hellion x2  
Show
View Real Time Build Order
Export as new Build Order

HeroMarine Terran - Winner!

Build Orders: Cyclone Opening, MMM Bio 

Get SALT Encoding   

  12  0:00  SCV  
  13  0:12  SCV  
  14  0:17  Supply Depot  
  14  0:25  SCV  
  14  0:28  Refinery  
  15  0:38  SCV  
  16  0:44  Barracks  
  16  0:50  SCV  
  16  0:55  Refinery  
  17  1:03  SCV  
  18  1:15  SCV  
  19  1:31  Orbital Command  
  19  1:32  Factory  
  19  1:35  Reaper  
  20  1:45  Supply Depot  
  20  1:57  SCV  
  21  2:07  Reaper  
  22  2:09  SCV  
  23  2:17  Cyclone  
  23  2:21  SCV  
  27  2:32  Command Center  
  27  2:35  SCV  
  28  2:41  Starport  
  28  2:46  Barracks Reactor  
  28  2:51  Supply Depot  
  28  2:53  SCV  
  28  2:56  Factory Tech Lab  
  29  3:05  SCV  
  30  3:17  SCV  
  31  3:24  Marine x2  
  31  3:25  Raven  
  35  3:29  Bunker, SCV  
  36  3:41  SCV, Marine  
  36  3:42  Marine  
  36  3:44  Cyclone  
  36  3:46  Orbital Command  
  42  3:53  SCV  
  43  4:05  SCV  
  44  4:10  Barracks Tech Lab  
  44  4:14  SCV  
  44  4:15  Command Center  
  45  4:18  SCV  
  46  4:26  SCV  
  46  4:30  SCV  
  47  4:33  Stimpack, Starport Reactor, Marine  
  47  4:38  SCV  
  47  4:39  Barracks  
  47  4:40  Barracks  
  47  4:42  SCV  
  47  4:44  Supply Depot  
  49  4:50  SCV  
  50  4:53  Engineering Bay  
  50  4:54  Engineering Bay, SCV  
  50  4:59  Siege Tank  
  54  5:05  SCV  
  54  5:06  Refinery, SCV  
  56  5:10  Refinery  
  56  5:13  Marine  
  57  5:18  SCV x2  
  57  5:21  Starport Reactor, Terran Infantry Weapons Level 1  
  59  5:26  Terran Infantry Armor Level 1  
  59  5:30  SCV x2  
  59  5:31  Orbital Command  
  61  5:38  Marine x2  
  61  5:40  Marine x2  
  61  5:42  SCV x2, Marine  
  67  5:46  Siege Tank  
  71  5:51  Supply Depot  
  71  5:53  Orbital Command, Supply Depot  
  71  5:56  SCV x2  
  72  6:08  SCV x2, Marine x3  
  77  6:12  Marine  
  77  6:15  Marauder  
  77  6:16  Medivac x2  
  77  6:18  Siege Tank, Supply Depot  
  84  6:22  SCV  
  84  6:23  Supply Depot, SCV  
  89  6:25  SCV  
  90  6:34  SCV  
  90  6:35  SCV  
  90  6:38  SCV  
  95  6:40  Marauder  
  95  6:42  Armory  
  95  6:46  SCV  
  96  6:47  SCV  
  96  6:51  Marine, Barracks  
  96  6:52  Marine  
  96  6:53  Barracks  
  93  7:01  Marauder, Siege Tank  
  93  7:05  Marine x2  
  93  7:08  Bunker  
  83  7:09  Marine x2  
  85  7:22  Orbital Command  
  74  7:23  Marauder, Marine x2  
  74  7:24  SCV x2  
  74  7:27  Marine  
  74  7:28  Marine  
  59  7:37  Combat Shield  
  51  7:40  SCV  
  51  7:41  Marine x2  
  56  7:44  Marauder, SCV  
  56  7:45  Marine  
  56  7:49  Medivac x2  
  56  7:50  SCV  
  61  7:53  SCV  
  61  7:56  SCV  
  61  8:02  SCV  
  62  8:06  SCV  
  62  8:08  Barracks Tech Lab x2, SCV  
  62  8:12  Terran Infantry Weapons Level 2  
  64  8:14  SCV  
  64  8:17  Terran Infantry Armor Level 2  
  64  8:18  SCV  
  66  8:20  SCV  
  66  8:27  SCV  
  68  8:28  Marauder x2  
  68  8:30  SCV  
  68  8:32  SCV  
  73  8:36  Missile Turret  
  73  8:37  Missile Turret  
  73  8:39  SCV  
  74  8:42  SCV  
  74  8:43  Siege Tank  
  74  8:44  SCV  
  74  8:46  Medivac  
  81  8:51  SCV  
  81  8:52  Marauder x2  
  86  8:56  SCV  
  86  8:57  SCV, Marine x2  
  86  8:58  Orbital Command  
  86  8:59  Marine  
  86  9:00  Marine  
  92  9:08  Marauder, SCV  
  92  9:09  SCV  
  96  9:12  Medivac  
  96  9:13  Marauder, Marine  
  96  9:16  Medivac  
  103  9:20  SCV  
  103  9:21  SCV  
  103  9:24  Marine x2  
  104  9:25  Marine  
  104  9:30  Marine  
  107  9:39  Marauder  
  107  9:42  Supply Depot  
  107  9:43  Thor, Supply Depot  
  111  9:50  Marauder x2  
  111  9:52  Marine  
  116  9:54  Marine  
  117  10:03  Marine x2  
  117  10:05  Supply Depot x2  
  118  10:08  SCV x2  
  118  10:09  SCV  
  118  10:11  Concussive Shells  
  121  10:15  Marauder  
  121  10:20  SCV  
  125  10:22  Missile Turret, Marine x2  
  125  10:24  SCV  
  125  10:25  Marine x2  
  128  10:30  Siege Tank  
  131  10:42  SCV x2  
  126  10:45  SCV  
  123  10:54  SCV x2  
  123  10:56  Marauder x2  
  125  10:57  SCV  
  125  11:00  Marine x2  
  122  11:06  Marauder, SCV  
  122  11:07  SCV, Marine x2  
  128  11:12  SCV  
  128  11:17  Marauder, Marine  
  132  11:19  SCV x2  
  132  11:23  Marine x2  
  132  11:24  SCV  
  137  11:26  Marine  
  137  11:31  SCV x2  
Tags
 
Add a new tag
Caveats
  • Supply blocks, unpowered buildings, or Contaminate may cause inaccurate times.
  • Supply counts are checked every 10 seconds.